 Dungeon Crawl Stone Soup version 0.20-a0-331-g5b3579f (console) character file.

49128 nht the Carver (level 14, -3/162 HPs)
             Began as a Demonspawn Berserker on Dec 21, 2016.
             Was a High Priest of Trog.
             Slain by an ice devil (8 damage)
             ... summoned by an orc high priest
             ... on level 2 of the Orcish Mines.
             The game lasted 00:45:38 (16858 turns).

nht the Carver (Demonspawn Berserker)              Turns: 16858, Time: 00:45:39

Health: -3/162     AC: 11    Str: 22    XL:     14   Next: 14%
Magic:  0/14       EV: 18    Int: 11    God:    Trog [*****.]
Gold:   1574       SH:  0    Dex: 16    Spells: 13/13 levels left

rFire  . . .     SeeInvis .     b - +1 scimitar
rCold  . . .     Gourm    .     z - +0 troll leather armour
rNeg   . . .     Faith    +     (no shield)
rPois  .         Spirit   +     E - +0 hat
rElec  .         Reflect  .     J - +0 cloak
rCorr  .         Harm     .     m - +0 pair of gloves
MR     +....                    f - +1 pair of boots
Stlth  ..........               P - amulet of faith
                                p - ring of stealth
                                T - +3 ring of protection

@: berserking (expiring), very quick
A: claws 2, horns 2, talons 2, magic shield, magic regeneration, rot immunity
a: Berserk, Trog's Hand, Brothers in Arms, Burn Spellbooks, Renounce Religion


You were on level 2 of the Orcish Mines.
You worshipped Trog.
Trog was extremely pleased with you.
You were hungry.

You visited 3 branches of the dungeon, and saw 19 of its levels.

You collected 1574 gold pieces.

Inventory:

Hand Weapons
 a - a +3 antimagic rapier
 b - a +1 scimitar (weapon)
 M - a cursed +0 blowgun
Missiles
 g - 30 tomahawks (quivered)
 q - 7 javelins
 v - 4 poisoned tomahawks
 G - 5 javelins of penetration
 O - 8 steel javelins
 Q - 24 poisoned needles
 R - 5 needles of sleeping
 S - 8 tomahawks of dispersal
Armour
 f - a +1 pair of boots (worn)
 m - a +0 pair of gloves (worn)
 z - a +0 troll leather armour (worn)
 E - a +0 hat (worn)
 J - a +0 cloak (worn)
Jewellery
 h - an uncursed ring of resist corrosion
 p - a ring of stealth (right hand)
 w - an uncursed ring of see invisible
 P - an amulet of faith (around neck)
 T - a +3 ring of protection (left hand)
Wands
 u - a wand of disintegration (2/24)
 y - a wand of confusion (22/48)
 F - a wand of digging (17/24)
 N - a wand of slowing (19/48)
 V - a wand of lightning (1/15)
 X - a wand of confusion (29/48)
 Z - a wand of lightning (4/15)
Scrolls
 d - 4 scrolls of magic mapping
 k - 2 scrolls of fog
 l - 8 scrolls of teleportation
 o - 4 scrolls of enchant armour
 B - 5 scrolls of remove curse
 W - a scroll of enchant weapon
 Y - a scroll of fear
Potions
 e - 2 potions of cure mutation
 i - 4 potions of lignification
 j - 3 potions of heal wounds
 n - 9 potions of curing
 r - a potion of ambrosia
 C - 2 potions of cancellation
 D - a potion of might
 H - a potion of berserk rage
 I - 4 potions of haste
Comestibles
 c - 8 bread rations
 s - 2 slices of pizza
 t - 5 royal jellies
 x - 9 meat rations
 A - 5 beef jerkies
 K - 38 fruits
 L - 6 chunks of flesh


   Skills:
 + Level 9.6 Fighting
 - Level 12.1(14.2) Short Blades
 - Level 12.7(14.5) Long Blades
 * Level 8.9 Throwing
 - Level 1.7 Armour
 + Level 8.4 Dodging
 + Level 3.4 Stealth


You had 13 spell levels left.
You didn't know any spells.

Dungeon Overview and Level Annotations

Branches:
Dungeon (11/15)            Temple (0/1) D:5            Lair (6/6) D:11
 Shoals (0/4) Lair:3        Snake (0/4) Lair:2        Slime (0/5) Lair:5
    Orc (2/2) D:9             Elf (0/3) Orc:2

Altars:
Cheibriados
Dithmenos
Nemelex Xobeh
Qazlal
The Shining One
Jiyva

Shops:
D:8 =   Orc:1 !   Orc:2 *


Innate Abilities, Weirdness & Mutations

You have very sharp fingernails.
You have a pair of horns on your head.
You have razor-sharp toenails.
When hurt, damage is shared between your health and your magic reserves.
You regenerate magic rapidly.
You are immune to rotting.


Message History

The ice devil hits you. The ice devil freezes you!
* * * LOW HITPOINT WARNING * * *
The ice devil closely misses you.
The red devil hits you from afar with a demon trident of electrocution!
* * * LOW HITPOINT WARNING * * *
You slash the orc knight! Your headbutt misses the orc knight.
The orc knight is moderately wounded.
The orc knight roars a battlecry!
The orc high priest goes into a battle-frenzy!
You closely miss the orc knight. You headbutt the orc knight!
The orc knight is severely wounded.
The orc knight hits you with a long sword!!
* * * LOW HITPOINT WARNING * * *
The orc high priest barely misses you.
You riposte.
You slash the orc high priest!
The orc high priest is moderately wounded.
The ice devil hits you!
* * * LOW HITPOINT WARNING * * *
The ice devil freezes you!
You die...

,,,,,,,,......█......█***
,,,,,,,█.$...........█.█**
,,,,,,..................,**
,,,,,...........█.......,,*****
,,,,,...................,,,**<**
,,,,,...................,,,*,,,**
*,,,,...................,,,,,,,,*
,,,,*█.........o).......,,,*,,,,,
,,,,,..........)@4......,,*,,,,,,
,,,,,.........Oo4o......,,,*,,,,,
,,,,,,██..o.......4.....*,,,,,,,,
*,,*,...█.........$.....,,,,,,,,,
*,,*,.......o...........,,,,,,,,,
,,,,,.........P.P.......,,,,,,,,,
,,,,,.......P...P...$.o.,,,,8,∩,,
,,,,,.............P....█,,,,,,,,,
,,,,,....hP...8.........,,,,,,,,,


You could see 2 orc knights, 2 orc high priests, 2 ice devils, a red devil, an
orc warrior, an ogre and an orc wizard.

Vanquished Creatures
  Gastronok (Lair:2)
  Kirke (Lair:5)
  A hydra (Lair:1)
  2 two-headed ogres
  A death yak (Lair:6)
  2 orc knights (Orc:1)
  2 orc sorcerers
  A centaur zombie (D:11)
  3 black mambas
  12 elephants
  2 merfolk sirens (Lair:3)
  Maurice (Orc:1)
  The ghost of anet the Sneak, a novice DEWz (D:7)
  A torpor snail (Lair:6)
  11 spiny frogs
  A rime drake (Lair:6)
  8 komodo dragons
  A tengu conjurer (D:11)
  2 trolls
  A polar bear (Lair:6)
  2 merfolk (Lair:3)
  14 blink frogs
  7 hippogriffs
  28 yaks
  Sigmund (D:2)
  4 wyverns
  4 water elementals (D:11)
  3 hogs (Lair:5)
  5 basilisks
  5 wargs
  Duvessa (D:4)
  11 water moccasins
  A soldier ant (D:10)
  4 porcupines
  2 black bears
  14 orc warriors
  2 ice beasts
  3 phantoms
  3 sky beasts
  An eye of draining (D:11)
  6 ogres
  4 wolves (Lair:3)
  8 centaurs
  9 crocodiles
  3 big kobolds
  11 bullfrogs
  Dowan (D:4)
  5 scorpions
  5 wights (D:10)
  2 howler monkeys (D:7)
  3 crimson imps
  A bullfrog zombie (D:9)
  2 jellies (D:9)
  2 quasits (D:11)
  9 orc priests
  2 centaur skeletons
  A gnoll shaman (D:9)
  4 hounds
  2 bullfrog skeletons
  Jessica (D:3)
  Natasha (twice) (D:2)
  17 orc wizards
  6 worker ants
  A worker ant zombie (D:5)
  10 gnolls
  10 adders
  2 shadow imps (D:5)
  2 oozes (D:4)
  2 adder zombies
  An adder skeleton (D:8)
  3 worms
  A dart slug (D:1)
  4 leopard geckos
  67 orcs
  5 giant cockroaches
  4 goblins
  6 hobgoblins
  22 jackals
  12 kobolds
  5 quokkas
  A ball python (D:1)
  8 bats
  5 frilled lizards
  A jackal skeleton (D:4)
  A quokka skeleton (D:7)
  A quokka zombie (D:5)
  5 rats
455 creatures vanquished.

Vanquished Creatures (collateral kills)
  3 hydras
  A catoblepas (Lair:6)
  6 death yaks
  A lindwurm (Lair:6)
  A cyclops (D:11)
  7 elephants
  A black mamba (Lair:6)
  A spiny frog (Lair:6)
  A rime drake (Lair:6)
  2 trolls
  A hippogriff (Lair:3)
  7 blink frogs
  2 dream sheep (Lair:6)
  7 yaks
  2 basilisks
  A hog (Lair:5)
  A water moccasin (Lair:6)
  An orc warrior (D:11)
  A centaur (D:9)
  A crocodile (Lair:2)
  2 bullfrogs (Lair:2)
  A bullfrog zombie (D:9)
  An orc priest (D:11)
  2 orc wizards
  9 orcs
  A quokka (D:11)
64 creatures vanquished.

Vanquished Creatures (others)
  An orc (Orc:1)
  5 fungi
6 creatures vanquished.

Grand Total: 525 creatures vanquished

Notes
Turn   | Place    | Note
-------+----------+-------------------------------------------
     0 | D:1      | nht the Demonspawn Berserker began the quest for the Orb.
     0 | D:1      | Reached XP level 1. HP: 18/18 MP: 1/1
   411 | D:1      | Gained mutation: You are immune to rotting. [demonic ancestry]
   411 | D:1      | Reached XP level 2. HP: 14/24 MP: 2/2
   616 | D:2      | Noticed Sigmund
   621 | D:2      | Noticed Natasha
   951 | D:2      | Found a shadowy altar of Dithmenos.
  1037 | D:2      | Killed Sigmund
  1037 | D:2      | Reached skill level 5 in Short Blades
  1037 | D:2      | Gained mutation: You have a pair of small horns on your head. [demonic ancestry]
  1037 | D:2      | Reached XP level 3. HP: 29/29 MP: 3/3
  1037 | D:2      | Gained mutation: You have sharp toenails. [demonic ancestry]
  1037 | D:2      | Reached XP level 4. HP: 35/35 MP: 4/4
  1037 | D:2      | Gained mutation: You have a pair of horns on your head. [demonic ancestry]
  1037 | D:2      | Reached XP level 5. HP: 41/41 MP: 5/5
  1120 | D:2      | Killed Natasha
  1276 | D:2      | Found a faded altar of an unknown god.
  1496 | D:2      | Noticed Natasha
  1507 | D:2      | Killed Natasha
  1543 | D:3      | Reached ** piety under Trog
  1558 | D:3      | Reached XP level 6. HP: 47/47 MP: 6/6
  1594 | D:3      | Noticed Jessica
  1602 | D:3      | Killed Jessica
  2022 | D:4      | Noticed Duvessa
  2030 | D:4      | Killed Duvessa
  2031 | D:4      | Noticed Dowan
  2035 | D:4      | Killed Dowan
  2410 | D:4      | Gained mutation: When hurt, damage is shared between your health and your magic reserves. [demonic ancestry]
  2410 | D:4      | Reached XP level 7. HP: 52/52 MP: 7/7
  2649 | D:4      | Found a stormy altar of Qazlal.
  2649 | D:4      | Found a glowing golden altar of the Shining One.
  2696 | D:4      | Reached *** piety under Trog
  3057 | D:5      | Entered Level 5 of the Dungeon
  3168 | D:5      | Found a staircase to the Ecumenical Temple.
  3195 | D:5      | Gained mutation: You have razor-sharp toenails. [demonic ancestry]
  3195 | D:5      | Reached XP level 8. HP: 33/58 MP: 4/8
  3879 | D:5      | Reached **** piety under Trog
  4232 | D:5      | Reached skill level 10 in Short Blades
  4686 | D:6      | Found a snail-covered altar of Cheibriados.
  5107 | D:7      | Noticed a hippogriff
  5115 | D:7      | Killed a hippogriff
  5115 | D:7      | Gained mutation: You have sharp fingernails. [demonic ancestry]
  5115 | D:7      | Reached XP level 9. HP: 45/63 MP: 6/9
  5213 | D:7      | Noticed anet's ghost (novice DEWz)
  5227 | D:7      | Killed anet's ghost
  5407 | D:7      | Reached skill level 1 in Long Blades
  5906 | D:8      | Found Taadde Coum's Jewellery Boutique.
  5937 | D:8      | Received a gift from Trog
  6118 | D:8      | Reached ***** piety under Trog
  6118 | D:8      | Reached skill level 5 in Long Blades
  6118 | D:8      | Reached XP level 10. HP: 32/70 MP: 5/10
  6523 | D:8      | Noticed a two-headed ogre
  6534 | D:8      | Killed a two-headed ogre
  7027 | D:9      | Found a staircase to the Orcish Mines.
  7412 | D:9      | Received a gift from Trog
  7747 | D:10     | Entered Level 10 of the Dungeon
  7767 | D:10     | Noticed a two-headed ogre
  7777 | D:10     | Killed a two-headed ogre
  7832 | D:10     | You fall through a shaft!
  8283 | D:10     | Found a sparkling altar of Nemelex Xobeh.
  8502 | D:10     | Reached XP level 11. HP: 75/75 MP: 11/11
  8643 | D:11     | Reached skill level 10 in Long Blades
  8787 | D:11     | Found a staircase to the Lair.
  9631 | Lair:1   | Entered Level 1 of the Lair of Beasts
 10363 | Lair:1   | Reached skill level 1 in Throwing
 10444 | Lair:1   | Noticed a seven-headed hydra
 10464 | Lair:1   | Killed a seven-headed hydra
 10464 | Lair:1   | Gained mutation: You have very sharp fingernails. [demonic ancestry]
 10464 | Lair:1   | Reached XP level 12. HP: 81/81 MP: 12/12
 10805 | Lair:1   | Reached ****** piety under Trog
 10819 | Lair:1   | Received a gift from Trog
 11068 | Lair:2   | Noticed Gastronok
 11177 | Lair:2   | Killed Gastronok
 11177 | Lair:2   | Reached skill level 5 in Fighting
 11418 | Lair:2   | Found a staircase to the Snake Pit.
 11676 | Lair:2   | Reached skill level 5 in Dodging
 12028 | Lair:3   | Found a staircase to the Shoals.
 12044 | Lair:3   | Received a gift from Trog
 12098 | Lair:3   | Noticed a death yak
 12100 | Lair:3   | Noticed a death yak
 12101 | Lair:3   | Noticed a death yak
 12101 | Lair:3   | Noticed a death yak
 12108 | Lair:3   | Killed a death yak
 12111 | Lair:3   | Killed a death yak
 12113 | Lair:3   | Killed a death yak
 12115 | Lair:3   | Killed a death yak
 12190 | Lair:3   | Noticed a four-headed hydra
 12221 | Lair:3   | Killed a four-headed hydra
 13035 | Lair:3   | Reached XP level 13. HP: 95/99 MP: 11/13
 14110 | Lair:5   | Received a gift from Trog
 14110 | Lair:5   | Reached skill level 5 in Throwing
 14243 | Lair:5   | Noticed Kirke
 14266 | Lair:5   | Killed Kirke
 14712 | Lair:5   | Reached skill level 1 in Stealth
 14718 | Lair:5   | Found a staircase to the Slime Pits.
 14718 | Lair:5   | Found a viscous altar of Jiyva.
 14842 | Lair:6   | Entered Level 6 of the Lair of Beasts
 15537 | Lair:6   | Received a gift from Trog
 15683 | Lair:6   | Gained mutation: You regenerate magic rapidly. [demonic ancestry]
 15683 | Lair:6   | Reached XP level 14. HP: 108/108 MP: 12/14
 16085 | Orc:1    | Entered Level 1 of the Orcish Mines
 16085 | Orc:1    | Found Pimes's Distillery.
 16228 | Orc:1    | Noticed Maurice
 16246 | Orc:1    | Killed Maurice
 16450 | Orc:1    | Received a gift from Trog
 16694 | Orc:2    | Entered Level 2 of the Orcish Mines
 16698 | Orc:2    | Found Kyuzumeu's General Store.
 16858 | Orc:2    | HP: 5/162 [ice devil[an orc high priest] (9)]
 16858 | Orc:2    | Slain by an ice devil

Vault maps used:
D:1:      tarquinn_simple_flora_water_e, item_on_display_a
D:2:      overflow_temple_1_default, chequers_ecumenical_altar_grove,
          uniq_sigmund, uniq_natasha
D:3:      uniq_jessica
D:4:      gammafunk_temple_overflow_wave, guppyfry_early_orc_mine, uniq_duvessa
D:5:      cheibrodos_thug_alley, first_bread, serial_bayou, serial_bayou_pond_d,
          serial_bayou_shore_a, serial_bayou_shore_b, serial_bayou_ford_a,
          uniq_crazy_yiuf_cottage
D:6:      cheibriados_altar_wand_db
D:8:      serial_shops, nicolae_shop_trees, blue_anna_alchemist
D:9:      david_orc_2, kennysheep_generic_room_13
D:10:     basic_altar
D:11:     erik_lair_orcish_takeover, nicolae_underground_beach
Lair:1:   infiniplex_staircase_pool, lemuel_fruit_tree, grunt_megastairs_4,
          lemuel_fruit_fields
Lair:2:   dummy_snake_entry, uniq_gastronok
Lair:3:   elwin_shoals_entry_stream, kennysheep_basilisk_garden
Lair:5:   slime_altar_1, uniq_kirke
Lair:6:   hangedman_lair_in_review
Orc:1:    serial_shops, nicolae_shop_crystal, shop, shop, shop, shop,
          mines_bat_river, uniq_fannar, uniq_maurice
Orc:2:    grunt_orc_gardens, grunt_orc_garden, grunt_orc_garden,
          grunt_orc_garden, grunt_orc_garden, nicolae_volcano_entry_lava_flow

Skill      XL: |  1  2  3  4  5  6  7  8  9 10 11 12 13 |
---------------+----------------------------------------+-----
Short Blades   | 3 5 6 7 9 11 12 | 12.1
Long Blades    | 5 9 12 | 12.7
Throwing       | 1 8 |  8.9
Dodging        | 2 7 8 |  8.4
Fighting       | 8 9 |  9.6
Stealth        | 3 |  3.4
Armour         | |  1.7

Action                   |  1- 3 |  4- 6 |  7- 9 | 10-12 | 13-15 || total
-------------------------+-------+-------+-------+-------+-------++-------
Melee: Short sword       |    57 |    62 |   330 |   555 |    83 ||  1087
       Headbutt          |       |    17 |    63 |   193 |   142 ||   415
       Dagger            |       |    62 |       |       |       ||    62
       Scimitar          |       |       |       |   224 |   418 ||   642
Throw: Tomahawk          |       |     1 |       |       |       ||     1
Invok: Berserk           |     1 |     3 |    11 |    23 |     8 ||    46
       Burn Spellbooks   |       |     1 |     1 |     1 |       ||     3
       Trog's Hand       |       |       |     1 |     4 |     4 ||     9
       Brothers in Arms  |       |       |       |     6 |     8 ||    14
Evoke: Wand              |       |       |     2 |    27 |     5 ||    34
  Use: Potion            |     2 |       |     2 |     2 |     2 ||     8
       Scroll            |     1 |     6 |    13 |     9 |     2 ||    31
 Stab: Sleeping          |     1 |     1 |    11 |     6 |     6 ||    25
       Distracted        |       |       |       |     4 |     1 ||     5
       Invisible         |       |       |       |       |    23 ||    23
  Eat: Chunk             |       |    30 |    22 |    39 |    24 ||   115
Armor: Animal skin       |     7 |    22 |    30 |    57 |       ||   116
       Troll leather arm |       |       |       |   107 |    83 ||   190
Dodge: Dodged            |    27 |    66 |   126 |   297 |   296 ||   812
       Rpst.: Scimitar   |       |       |       |    41 |    67 ||   108
